Map: Cyber Forest LE

Players

Woah

  • Race: Terran Terran
  • League: Diamond
  • Spawn Location: 5:00

cedric - Winner!

  • Race: Protoss Protoss
  • League: Diamond
  • Spawn Location: 11:00

VOD

Have the link to the VOD?

Description

Time

  • Played on: June 14, 2019, 5:21 p.m.
  • Length: 8:01
Show
View Real Time Build Order
Export as new Build Order

Woah Terran 

Build Orders: Reaper Expand 

Get SALT Encoding   

  12  0:01  SCV  
  13  0:13  SCV  
  14  0:17  Supply Depot  
  14  0:26  SCV  
  15  0:39  SCV  
  15  0:42  Barracks  
  16  0:45  Refinery  
  16  0:54  SCV  
  17  1:06  SCV  
  19  1:28  Orbital Command  
  19  1:30  Reaper  
  19  1:40  Command Center  
  19  2:00  Barracks  
  19  2:05  SCV, Barracks Reactor  
  20  2:14  Supply Depot  
  20  2:21  SCV  
  21  2:29  Barracks  
  21  2:40  SCV  
  21  2:43  Marine x2  
  24  2:56  SCV  
  24  2:57  Orbital Command  
  25  2:58  Barracks Tech Lab  
  25  3:03  Marine x2  
  27  3:08  SCV  
  28  3:14  Engineering Bay  
  28  3:16  Barracks Tech Lab  
  28  3:19  Stimpack  
  28  3:21  SCV  
  28  3:23  Marine  
  28  3:26  Marine  
  31  3:30  SCV  
  31  3:33  SCV  
  33  3:39  Terran Infantry Weapons Level 1  
  33  3:43  SCV  
  33  3:45  SCV  
  35  3:49  Supply Depot  
  35  3:56  Combat Shield  
  35  3:59  Refinery  
  35  4:00  SCV x2, Refinery  
  37  4:05  Marine x2  
  41  4:10  Marauder  
  41  4:12  SCV  
  41  4:14  Supply Depot  
  41  4:16  Marauder, SCV  
  45  4:25  Marine x2  
  45  4:28  SCV  
  48  4:36  Factory  
  50  4:40  Marauder  
  50  4:42  Marine  
  50  4:43  Marauder, SCV  
  50  4:44  SCV  
  55  4:52  Supply Depot  
  55  4:56  SCV  
  55  4:58  SCV  
  57  5:01  Marauder  
  57  5:02  Marine x2  
  57  5:06  Supply Depot  
  61  5:08  SCV  
  64  5:14  SCV, Missile Turret, Marauder  
  65  5:22  Starport  
  65  5:23  Factory Tech Lab  
  65  5:24  SCV, Marauder  
  65  5:26  Concussive Shells  
  65  5:28  Marine  
  71  5:36  Marauder  
  71  5:44  Command Center  
  71  5:47  Siege Tank  
  70  6:09  Marine  
  70  6:10  Marine  
  67  6:11  SCV x2  
  67  6:14  Supply Depot, Refinery  
  67  6:16  Supply Depot  
  67  6:17  Supply Depot  
  69  6:19  Armory  
  69  6:23  SCV  
  69  6:24  Starport Reactor  
  70  6:26  SCV  
  71  6:35  SCV  
  71  6:37  Marine x2  
  71  6:39  Siege Tank  
  77  6:49  Marauder x2  
  81  6:54  Marine  
  81  6:55  Supply Depot, Marine  
  81  6:58  Barracks  
  54  7:10  Marine x2  
  54  7:12  Marine  
  51  7:19  SCV  
  43  7:28  Marauder x2  
  43  7:29  Marine  
  27  7:39  SCV  
Show
View Real Time Build Order
Export as new Build Order

cedric Protoss - Winner!

Build Orders: 1 Gate Expand 

Get SALT Encoding   

  12  0:01  Probe  
  13  0:13  Probe  
  14  0:20  Pylon  
  14  0:30  Probe  
  15  0:39  Gateway  
  15  0:42  Probe  
  16  0:55  Probe  
  17  1:04  Assimilator  
  17  1:11  Probe  
  18  1:23  Probe  
  19  1:29  Nexus  
  19  1:43  Zealot  
  19  1:50  Cybernetics Core  
  21  2:04  Gateway  
  21  2:07  Pylon  
  21  2:08  Zealot  
  23  2:21  Pylon  
  23  2:25  Stalker, Probe  
  26  2:37  Probe  
  26  2:43  Probe  
  28  2:53  Probe  
  28  2:56  Stalker  
  31  3:01  Probe  
  31  3:05  Warp Gate  
  32  3:09  Probe  
  32  3:14  Assimilator  
  32  3:19  Probe  
  34  3:21  Probe  
  35  3:28  Zealot  
  35  3:32  Probe  
  38  3:44  Probe  
  38  3:46  Zealot  
  41  3:49  Shield Battery  
  41  3:51  Probe  
  41  3:52  Twilight Council  
  42  3:56  Probe  
  42  3:59  Probe  
  44  4:11  Zealot  
  46  4:18  Gateway x2  
  46  4:19  Pylon  
  46  4:20  Charge  
  46  4:22  Pylon  
  46  4:25  Probe  
  46  4:26  Robotics Facility  
  47  4:37  Probe  
  48  4:49  Probe  
  49  4:57  Zealot x2  
  53  5:01  Gateway  
  53  5:02  Gateway  
  53  5:04  Pylon  
  53  5:07  Immortal  
  53  5:16  Zealot x2  
  61  5:28  Zealot  
  61  5:29  Zealot, Pylon  
  61  5:30  Pylon  
  61  5:32  Pylon  
  65  5:39  Immortal  
  65  5:40  Zealot x2  
  64  6:11  Zealot x4, Warp Prism  
  64  6:12  Zealot  
  64  6:13  Zealot  
  74  6:22  Gateway  
  74  6:23  Gateway  
  76  6:38  Forge  
  66  7:20  Zealot  
  66  7:21  Zealot  
  66  7:23  Zealot x3  
  66  7:24  Zealot x3  
  62  7:49  Zealot  
  62  7:50  Zealot x6  
  62  7:51  Zealot  
Tags
 
Add a new tag
Caveats
  • Supply blocks, unpowered buildings, or Contaminate may cause inaccurate times.
  • Supply counts are checked every 10 seconds.